 Dungeon Crawl Stone Soup version 0.16-a0-3134-g9b1347a (webtiles) character file.

3325 BluebellGnoll the Covert (level 9, -2/39 HPs)
             Began as a Spriggan Wanderer on Dec 14, 2014.
             Was an Initiate of Okawaru.
             Killed from afar by Pikel (10 damage)
             ... with a wand of magic darts
             ... on level 8 of the Dungeon.
             The game lasted 01:13:41 (11903 turns).

BluebellGnoll the Covert (Spriggan Wanderer)       Turns: 11903, Time: 01:13:42

Health: -2/39      AC:  3    Str: 10    XL:     9   Next: 71%
Magic:  12/24      EV: 22    Int: 18    God:    Okawaru [......]
Gold:   355        SH:  0    Dex: 16    Spells: 5 memorised, 4 levels left

rFire  . . .     SeeInvis +     y - +2 spear (chaos)
rCold  . . .     Clarity  .     d - +1 robe
rNeg   . . .     SustAb   .     (shield restricted)
rPois  +         Gourm    .     (helmet restricted)
rElec  .         Spirit   .     (no cloak)
rCorr  .         Warding  .     (gloves unavailable)
rMut   .         Stasis   .     (boots unavailable)
MR     +....                    (no amulet)
Stlth  +++++.....               p - +4 ring of strength
                                q - ring of poison resistance

@: very slightly contaminated, very quick, somewhat resistant to hostile
enchantments, quite stealthy
A: unfitting armour, see invisible, herbivore 3, speed 3, slow metabolism 2
a: Renounce Religion


You were on level 8 of the Dungeon.
You worshipped Okawaru.
Okawaru was noncommittal.
You were not hungry.

You visited 2 branches of the dungeon, and saw 9 of its levels.

You collected 355 gold pieces.

Inventory:

Hand weapons
 a - a +4 dagger of chaos
 y - a +2 spear of chaos (weapon)
 A - a +0 dagger of venom
 G - a +0 shortbow
Missiles
 e - 15 curare-tipped needles
 o - 19 tomahawks (quivered)
 x - 30 stones
 H - 19 arrows
Armour
 d - a +1 robe (worn)
Jewellery
 p - a +4 ring of strength (right hand)
 q - a ring of poison resistance (left hand)
 D - a +2 ring of dexterity
Magical devices
 b - a wand of digging (10)
 B - a wand of draining (5)
 F - a wand of invisibility (5)
Scrolls
 g - 3 scrolls of blinking
 m - 3 scrolls of magic mapping
 u - a scroll of teleportation
 v - a scroll of remove curse
Potions
 c - a potion of restore abilities
 h - a potion of magic {unknown}
 i - a potion of poison {unknown}
 j - a potion of heal wounds
 k - 2 potions of might
 l - 3 potions of brilliance {unknown}
 n - 2 potions of flight
 t - a potion of haste {unknown}
 w - a potion of agility
 z - 2 potions of curing
 C - a potion of berserk rage {unknown}
Books
 r - a book of Air

   Spells                             Type                      Level
   a - Shock                          Conjuration/Air              1
   b - Swiftness                      Charms/Air                   2
   c - Repel Missiles                 Charms/Air                   2
   d - Flight                         Charms/Air                   3
   e - Static Discharge               Conjuration/Air              3
   f - Lightning Bolt                 Conjuration/Air              5
 E - a book of Necromancy

   Spells                             Type                      Level
   a - Pain                           Necromancy                   1
   b - Animate Skeleton               Necromancy                   1
   c - Vampiric Draining              Necromancy                   3
   d - Regeneration                   Charms/Necromancy            3
   e - Animate Dead                   Necromancy                   4
   f - Control Undead                 Necromancy                   4
Comestibles
 f - 4 bread rations
 s - a royal jelly


   Skills:
 * Level 2.4 Short Blades
 - Level 1.1 Throwing
 * Level 7.4 Dodging
 * Level 8.4 Stealth
   Level 1.0 Shields
 - Level 4.0 Spellcasting
 - Level 4.0 Conjurations
 - Level 6.1 Necromancy
   Level 1.5 Translocations
 - Level 4.9 Air Magic
 - Level 4.7 Earth Magic


You had 4 spell levels left.
You knew the following spells:

 Your Spells              Type           Power        Failure   Level  Hunger
a - Shock                 Conj/Air       ###.         1%          1    None
b - Sandblast             Erth           ###...       1%          1    None
c - Animate Dead          Necr           N/A          14%         4    ####...
d - Regeneration          Chrm/Necr      ##........   14%         3    ###....
f - Stone Arrow           Conj/Erth      ###...       10%         3    ###....


Dungeon Overview and Level Annotations

Branches:
Dungeon (8/15)             Temple (1/1) D:4
   Lair: D:8-11

Altars:
Ashenzari
Cheibriados
Elyvilon
Fedhas
Gozag
Kikubaaqudgha
Makhleb
Nemelex Xobeh
Okawaru
Qazlal
Ru
Trog
Vehumet
Xom
Yredelemnul
Zin
The Shining One

Shops:
D:6 %

Annotations:
D:2 Robin
D:8 Pikel


Innate Abilities, Weirdness & Mutations

You are tiny and cannot use many weapons and most armour.
You have supernaturally acute eyesight.
You are a herbivore.
You cover ground extremely quickly.
You need consume almost no food.


Message History

You miscast Animate Dead.
You are very lightly contaminated with residual magic.
Strange energies run through your body.
Casting: Animate Dead
Confirm with . or Enter, or press ? or * to list all spells.
You call on the dead to rise...
The dead are walking!
Casting: Animate Dead
Confirm with . or Enter, or press ? or * to list all spells.
You call on the dead to rise...
Nothing appears to happen.
Unknown command.
You start resting.
Pikel zaps a wand.
The magic dart hits you!
Attack whom?
Press: ? - help, Dir - move target cursor, f - Pikel
Aim: Pikel, wielding a whip of flaming, wearing a robe and carrying a wand of magic darts {zapped: 10} You reach to attack!
You closely miss Pikel.
Pikel zaps a wand.
The magic dart hits you!
* * * LOW HITPOINT WARNING * * *
Pikel zaps a wand.
The magic dart hits you!
You die...

## ..# ### ### # ...## ###
#.###.##### .## #...###.##
#.Z##Z....# ##..#.
##....#.######.@Z.....###......
#<..........K.###Z.............
#........###..# ##......>.##..#
#....##..## ##.# #..##....###.#
....####.# ######.#####.##..##
..... #.# #.........#......#
#..#.. #.# #.###.###.#...##...
#.####...# #.###.###.#..## ..
#... ###.##.(.##.#Z##


You could see Pikel, a friendly hound zombie, a friendly wyvern zombie, a
friendly centaur zombie and a friendly human zombie.

Vanquished Creatures
  The ghost of runewalsh the Insei, an experienced OpTm (D:7)
  A wyvern (D:8)
  The ghost of runewalsh the Insei, an average OpTm of Ashenzari (D:4)
  A yak (D:8)
  The ghost of flammableBen the Conjurer, an average DrCj (D:3)
  A sky beast (D:6)
  2 slaves (D:8)
  5 ogres
  3 ice beasts
  A phantom (D:6)
  Sigmund (D:2)
  2 centaurs
  A crocodile (D:7)
  A giant frog (D:7)
  Blork the orc (D:4)
  A scorpion (D:7)
  4 killer bees
  A crimson imp (D:5)
  2 goliath beetles (D:7)
  5 orc priests
  A jelly (D:8)
  6 hounds
  Natasha (thrice) (D:3)
  2 iguanas
  An orc wizard (D:3)
  3 worker ants
  A hound skeleton (D:5)
  15 gnolls
  2 shadow imps
  10 adders
  A giant mite (D:1)
  4 worms
  An adder zombie (D:5)
  4 giant geckos
  An ooze (D:1)
  23 orcs
  2 ball pythons
  3 bat zombies
  4 giant cockroaches
  20 goblins
  29 hobgoblins
  6 kobolds
  5 quokkas
  15 bats
  A giant gecko skeleton (D:4)
  5 giant newts
  2 giant spores
  A jackal skeleton (D:5)
  A quokka skeleton (D:6)
  16 rats
  4 ballistomycetes
228 creatures vanquished.

Vanquished Creatures (collateral kills)
  2 slaves (D:8)
  A giant frog (D:6)
  A wyvern skeleton (D:7)
  A hound (D:6)
  An orc wizard (D:5)
  A worm (D:3)
  2 orcs (D:5)
  A ball python (D:7)
  A giant cockroach (D:5)
  A hobgoblin (D:5)
  A giant newt (D:5)
  A rat (D:6)
14 creatures vanquished.

Vanquished Creatures (others)
  A human zombie (D:8)
  An ogre zombie (D:7)
  2 hound zombies
  A goliath beetle zombie (D:7)
  6 orc zombies
  A bat zombie (D:6)
  A kobold (D:3)
  A quokka (D:3)
  2 gnoll zombies (D:3)
  4 hobgoblin zombies
  A quokka zombie (D:6)
21 creatures vanquished.

Grand Total: 263 creatures vanquished

Notes
Turn   | Place    | Note
--------------------------------------------------------------
     0 | D:1      | BluebellGnoll, the Spriggan Wanderer, began the quest for the Orb.
     0 | D:1      | BluebellGnoll set off with: a book of Necromancy, the Catalogue of Toxins, Volawor's Tome of Stones, a +0 robe, a +0 dagger, a bread ration
     0 | D:1      | Reached XP level 1. HP: 9/9 MP: 6/6
     0 | D:1      | Identified the Catalogue of Toxins
     0 | D:1      | Identified Volawor's Tome of Stones
     2 | D:1      | Learned a level 1 spell: Sandblast
    62 | D:1      | Reached skill level 1 in Stealth
   386 | D:1      | Reached XP level 2. HP: 10/13 MP: 3/9
  1031 | D:1      | Reached XP level 3. HP: 12/16 MP: 1/12
  1423 | D:2      | Reached skill level 5 in Stealth
  1428 | D:2      | Learned a level 3 spell: Stone Arrow
  1482 | D:2      | Noticed Robin
  2259 | D:2      | Reached XP level 4. HP: 19/21 MP: 5/15
  2712 | D:2      | Found an opulent altar of Gozag.
  2712 | D:2      | Noticed Sigmund
  2728 | D:2      | Killed Sigmund
  2728 | D:2      | Reached XP level 5. HP: 24/24 MP: 10/18
  2941 | D:3      | Noticed flammableBen's ghost (average DrCj)
  3228 | D:3      | Noticed Natasha
  3256 | D:3      | Killed Natasha
  3256 | D:3      | Reached XP level 6. HP: 25/28 MP: 20/20
  3416 | D:3      | Noticed Natasha
  3601 | D:3      | Killed Natasha
  3606 | D:3      | Noticed Natasha
  3615 | D:3      | Killed Natasha
  3631 | D:3      | Found a shimmering altar of Xom.
  3785 | D:4      | Found a staircase to the Ecumenical Temple.
  3796 | Temple   | Entered the Ecumenical Temple
  4106 | D:4      | Found a bloodstained altar of Trog.
  4227 | D:4      | Reached skill level 5 in Dodging
  4321 | D:4      | Reached XP level 7. HP: 27/32 MP: 17/21
  4346 | D:4      | Learned a level 3 spell: Regeneration
  4365 | D:4      | Noticed runewalsh's ghost (average OpTm)
  4445 | D:4      | Killed runewalsh's ghost
  4665 | D:4      | Noticed Blork the orc
  4718 | D:4      | Killed Blork the orc
  5187 | D:5      | Entered Level 5 of the Dungeon
  5733 | D:5      | Reached skill level 5 in Necromancy
  6272 | D:5      | Reached XP level 8. HP: 36/36 MP: 12/22
  6278 | D:5      | Learned a level 4 spell: Animate Dead
  6446 | D:5      | Reached skill level 6 in Necromancy
  6964 | D:6      | Learned a level 1 spell: Shock
  7228 | D:6      | Reached skill level 1 in Conjurations
  7325 | D:6      | Found Yhautak's Food Emporium.
  7727 | D:6      | Found a snail-covered altar of Cheibriados.
  8468 | D:3      | Reached skill level 1 in Air Magic
  8819 | D:3      | Found a basalt altar of Yredelemnul.
  8820 | D:3      | Noticed a profane servitor
  8827 | D:3      | Found a glowing golden altar of the Shining One.
  8828 | D:3      | Noticed an angel
  8997 | D:3      | Killed flammableBen's ghost
  9429 | D:7      | Reached XP level 9. HP: 37/39 MP: 16/24
 10606 | D:7      | Noticed runewalsh's ghost (experienced OpTm)
 10612 | D:7      | Killed runewalsh's ghost
 10869 | D:7      | Reached skill level 1 in Short Blades
 11203 | D:8      | Noticed Pikel
 11210 | D:8      | Reached skill level 7 in Stealth
 11688 | D:8      | Found an iron altar of Okawaru.
 11697 | D:8      | Became a worshipper of Warmaster Okawaru
 11712 | D:8      | Reached skill level 8 in Stealth
 11903 | D:8      | Killed from afar by Pikel

Action                   |  1- 3 |  4- 6 |  7- 9 || total
-------------------------+-------+-------+-------++-------
Melee: Dagger            |    65 |    30 |    87 ||   182
       Spear             |       |    46 |   256 ||   302
       Short sword       |       |    19 |   126 ||   145
Throw: Tomahawk          |       |       |    14 ||    14
 Cast: Sandblast         |    71 |    67 |   238 ||   376
       Animate Dead      |       |       |    31 ||    31
       Stone Arrow       |       |       |    41 ||    41
       Regeneration      |       |       |     5 ||     5
       Shock             |       |       |     1 ||     1
  Use: Scroll            |       |    13 |     7 ||    20
       Potion            |       |       |     3 ||     3
 Stab: Sleeping          |     9 |     6 |    17 ||    32
       Distracted        |     1 |     2 |     6 ||     9
       Paralysed         |       |     1 |    13 ||    14
       Petrified         |       |       |     5 ||     5
       Petrifying        |       |       |     4 ||     4
  Eat: Bread ration      |       |       |     2 ||     2
       Fruit             |       |       |     6 ||     6
       Pizza             |       |       |     1 ||     1
